 Dungeon Crawl Stone Soup version 0.27.1-3-gb3d3a73c9e (webtiles) character file.

Game seed: 12097597411465296561

214 barney the Changer (level 5, 0/40 HPs)
             Began as a Draconian Transmuter on Oct 5, 2021.
             Succumbed to Ijyb's poison
             ... on level 3 of the Dungeon.
             The game lasted 00:02:45 (4355 turns).

barney the Changer (Draconian Transmuter)           Turns: 4355, Time: 00:02:45

Health: 0/40       AC:  2    Str: 12      XL:     5   Next: 60%
Magic:  5/8        EV: 19    Int: 14      God:
Gold:   40         SH:  0    Dex: 16 (17) Spells: 2/8 levels left

rFire    . . .     SeeInvis .     - Unarmed
rCold    . . .     Faith    .   (shield currently unavailable)
rNeg     . . .     Spirit   .   (armour unavailable)
rPois    x         Reflect  .   (helmet currently unavailable)
rElec    .         Harm     .   (cloak currently unavailable)
rCorr    .         Rampage  .   (gloves currently unavailable)
Will     .....                  (boots currently unavailable)
Stlth    +.........             (no amulet)
HPRegen  0.13/turn              (no ring)
MPRegen  0.11/turn              (no ring)

@: lethally poisoned (0 -> -11), spider-form (expiring), very slightly
contaminated, invisible
A: venomous fangs, AC +5, tiny, unfitting armour, (cold-blooded)
a: End Transformation


You were on level 3 of the Dungeon.
You were a venomous arachnid creature.
You visited 1 branch of the dungeon, and saw 3 of its levels.

You collected 40 gold pieces.

Inventory:

Hand Weapons
 a - a +0 halberd of flaming (melded)
Jewellery
 b - a ring of fire
 d - an amulet of the acrobat
 i - a ring of ice
Scrolls
 c - a scroll of identify {unknown}
 f - a scroll of noise {unknown}
 g - a scroll of enchant armour {unknown}
 h - a scroll of fog {unknown}


   Skills:
 - Level 1.1 Fighting
 - Level 1.7 Dodging
 - Level 3.0 Unarmed Combat
 - Level 2.0 Spellcasting
 + Level 6.0 Transmutations


You had 2 spell levels left.
You knew the following spells:

 Your Spells              Type           Power      Damage    Failure   Level
a - Beastly Appendage     Tmut           36%        N/A       8%          1
b - Spider Form           Tmut/Pois      4%         N/A       41%         3
c - Wereblood             Tmut           18%        N/A       11%         2

Your spell library contained the following spells:

 Spells                   Type           Power      Damage    Failure   Level
 Animate Skeleton         Necr           2%         N/A       45%         1
 Pain                     Necr           4%         1d4       45%         1
 Slow                     Hex            1%         N/A       56%         2
 Confusing Touch          Hex            1%         N/A       77%         3
 Vampiric Draining        Necr           0%         2d6       77%         3
 Ice Form                 Ice/Tmut       9%         N/A       77%         4


Dungeon Overview and Level Annotations

Branches:
Dungeon (3/15)

Altars:
Zin

Annotations:
D:3 Ijyb


Innate Abilities, Weirdness & Mutations

You are a venomous arachnid creature.
You have poisonous fangs.
You are tiny and dextrous.
Your spellcasting is less reliable in this form.
Your armour is entirely melded.
You are incapable of wielding weapons or throwing items.
((Your plain brown scales are hard. (AC +5)))
You cannot fit into any form of body armour.
((You are cold-blooded and may be slowed by cold attacks.))


Message History

You barely miss Ijyb. Ijyb completely misses you.
You hit Ijyb.
Ijyb is poisoned.
Ijyb is lightly wounded.
Your transformation has ended.
Your +0 halberd of flaming unmelds from your body.
Your +0 halberd of flaming bursts into flame!
Ijyb hits you with a +1 dagger of venom.
You are poisoned.
Casting: Spider Form (quite dangerous; 21% risk of failure)
Confirm with . or Enter, or press ? or * to list all spells.
The spell is quite dangerous to cast (21% risk of failure)!
Continue anyway?
You turn into a venomous arachnid creature.
Your +0 halberd of flaming melds into your body.
Your +0 halberd of flaming stops flaming.
You feel sick. Ijyb closely misses you.
Okay, then.
You hit Ijyb but do no damage.
Ijyb looks as sick as possible!
Ijyb is moderately wounded.
You feel sick.
Ijyb hits you with a +1 dagger of venom.
You are lethally poisoned!
You hit Ijyb but do no damage.
Ijyb looks as sick as possible!
Ijyb is moderately wounded.
You feel very sick. Ijyb completely misses you.
You barely miss Ijyb.
Ijyb is heavily wounded.
* * * LOW HITPOINT WARNING * * *
You feel very sick. Ijyb closely misses you.
It was a potion of invisibility.
You fade into invisibility!
* * * LOW HITPOINT WARNING * * *
You feel very sick. Ijyb closely misses you.
You are very lightly contaminated with residual magic.
* * * LOW HITPOINT WARNING * * *
You feel very sick.
Your transformation is almost over.
You die...

#..............
##...........#.
####..#.#........
#..............#.
#####.#.#.#........## #
#.......(.......>[.#.
#.###.#.#.#..#.#.####....
..?.............# #..##
#.#.#.#.s###.#..## #....
#........#......# ###..
#.#..#.#.#..#.#.# #..
#............†..# #..
####.#.g#.#.#..## #..
#...........# #..
####.#..#.#..# #..
#.........# #..
#.##.#.#..# #..


You could see Ijyb (extremely poisoned).

Vanquished Creatures
  A necrophage (D:3)
  A scorpion zombie (D:3)
  3 gnolls (D:3)
  3 adders (D:3)
  2 worms (D:2)
  6 ball pythons
  5 bats
  7 endoplasms
  3 giant cockroaches
  3 hobgoblins
  2 kobolds
  A quokka (D:2)
  3 frilled lizards (D:1)
  3 goblins (D:1)
  4 rats
47 creatures vanquished.

Notes
Turn   | Place    | Note
-------+----------+-------------------------------------------
     0 | D:1      | barney the Draconian Transmuter began the quest for the
                  | Orb.
     0 | D:1      | Reached XP level 1. HP: 16/16 MP: 3/3
    60 | D:1      | Noticed a floating eye
    68 | D:1      | Found a faded altar of an unknown god.
   142 | D:1      | Noticed a golden eye
   142 | D:1      | Noticed a golden eye
   142 | D:1      | Noticed a golden eye
   430 | D:1      | Reached XP level 2. HP: 23/23 MP: 5/5
   892 | D:1      | Reached skill level 3 in Transmutations
  2112 | D:2      | Reached XP level 3. HP: 21/28 MP: 4/6
  2116 | D:2      | Learned a level 3 spell: Spider Form
  2119 | D:2      | Learned a level 2 spell: Wereblood
  2768 | D:2      | Found a glowing silver altar of Zin.
  3376 | D:3      | Noticed a necrophage
  3384 | D:3      | Reached skill level 4 in Transmutations
  3390 | D:3      | Killed a necrophage
  3391 | D:3      | Reached skill level 5 in Transmutations
  3391 | D:3      | Reached XP level 4. HP: 20/35 MP: 7/7
  3391 | D:3      | Reached XP level 5. HP: 23/40 MP: 8/8
  4333 | D:3      | Reached skill level 6 in Transmutations
  4335 | D:3      | Noticed Ijyb
  4354 | D:3      | HP: 2/40 [poisoned by Ijyb]
  4355 | D:3      | Succumbed to Ijyb's poison

Illustrated notes

Levels and vault maps discovered:
D:1:      matt_arrival_diagonals, layout_loops_corners,
          hellmonk_ecumenical_altar_watching_god
D:2:      layout_loops_cross, basic_altar
D:3:      layout_rooms, mainiacjoe_overflow_divided_tiny, lemuel_round_altar,
          serial_glass, glass_columns_a, glass_columns_a,
          hangedman_decor_points, chequers_serial_rivers_room_b,
          hangedman_decor_push, uniq_ijyb

Skill      XL: |  1  2  3  4  5 |
---------------+----------------+-----
Transmutations | 3 5 6 |  6.0
Fighting       | |  1.1
Dodging        | |  1.7
Unarmed Combat | |  3.0
Spellcasting   | |  2.0

Action                   |  1- 3 |  4- 6 || total
-------------------------+-------+-------++-------
Melee: Unarmed           |    98 |    28 ||   126
       Kick              |    11 |     1 ||    12
       Tailslap          |    11 |     1 ||    12
       Headbutt          |     5 |     1 ||     6
       Punch             |     3 |       ||     3
       Halberd           |       |    20 ||    20
 Cast: Beastly Appendage |    22 |     1 ||    23
       Spider Form       |     1 |     5 ||     6
  Use: Potion            |     4 |     1 ||     5
 Stab: Sleeping          |     2 |       ||     2
Armor: Skin              |    24 |     6 ||    30
Dodge: Dodged            |    60 |    52 ||   112
